 Seeded DCSS version 0.29.1-12-g30fa7ad0bf (webtiles) character file.

Game seed: 9845822215292249863 (custom seed)

7983 hikkokomori the Destroyer (level 11, -3/74 HPs)
             Began as an Octopode Conjurer on Jan 6, 2023.
             Was an Initiate of Gozag.
             Slain by a yak (14 damage)
             ... on level 10 of the Dungeon.
             The game lasted 00:25:34 (12334 turns).

hikkokomori the Destroyer (Octopode Conjurer)      Turns: 12334, Time: 00:25:34

Health: -3/74      AC:  1    Str:  8    XL:     11   Next: 23%
Magic:  11/27      EV: 17    Int: 24    God:    Gozag
Gold:   413        SH:  6    Dex: 18    Spells: 2/20 levels left

rFire   + . .      SeeInvis +   C - staff of conjuration
rCold   + + .      Faith    .   d - +0 buckler of Joy {rElec rC+ rN+++ Will-}
rNeg    + + +      Spirit   .   k - +0 hat of Catatonia {rC+ Regen+ Str-5 Dex+3}
rPois   +          Reflect  .   j - amulet "Loihifof" {Rampage rPois Will+ Regen+ Str+6 Dex-2 SInv}
rElec   +          Harm     .   i - ring of willpower
rCorr   .          Rampage  +   A - +4 ring of evasion
Will    +....                   I - ring of Symmetry {rC+ rN+ MP+9 Dex+6}
Stlth   +++.......              H - ring of fire
HPRegen 1.82/turn               (no ring)
MPRegen 0.20/turn               (no ring)
                                (no ring)
                                (no ring)

@: gold aura
A: almost no armour, amphibious, 8 rings, camouflage 1, gelatinous body 1,
(nimble swimmer 1), tentacles
a: Renounce Religion, Potion Petition, Call Merchant, Bribe Branch


You were on level 10 of the Dungeon.
You worshipped Gozag.
Gozag was aware of your devotion.
You visited 2 branches of the dungeon, and saw 11 of its levels.

You collected 1980 gold pieces.
You spent 804 gold pieces at shops.
You paid 763 gold pieces to Gozag.

Inventory:

Hand Weapons
 z - a +5 dagger of venom
Armour
 d - the +0 buckler of Joy (worn) {rElec rC+ rN+++ Will-}
   (You acquired it on level 1 of the Dungeon)

   rC:        It protects you from cold.
   rElec:     It insulates you from electricity.
   rN:        It renders you almost immune to negative energy.
   Will:      It decreases your willpower.
 k - the +0 hat of Catatonia (worn) {rC+ Regen+ Str-5 Dex+3}
   (You acquired it on level 1 of the Dungeon)

   Str:       It affects your strength (-5).
   Dex:       It affects your dexterity (+3).
   rC:        It protects you from cold.
   Regen:     It increases your rate of health regeneration.
Magical Staves
 C - a staff of conjuration (weapon)
Jewellery
 h - an amulet of the acrobat
 i - a ring of willpower (left tentacle)
 j - the amulet "Loihifof" (around mantle) {Rampage rPois Will+ Regen+ Str+6 Dex-2 SInv}
   (You acquired it on level 1 of the Dungeon)

   [amulet of regeneration]

   Str:       It affects your strength (+6).
   Dex:       It affects your dexterity (-2).
   rPois:     It protects you from poison.
   SInv:      It lets you see invisible.
   Regen:     It increases your rate of health regeneration.
   Rampage:   It bestows one free step when moving towards enemies.
   Will:      It increases your willpower.
 u - an amulet of magic regeneration
 y - an amulet of guardian spirit
 A - a +4 ring of evasion (right tentacle)
 H - a ring of fire (on tentacle)
 I - the ring of Symmetry (on tentacle) {rC+ rN+ MP+9 Dex+6}
   (You bought it in a shop on level 7 of the Dungeon)

   [ring of dexterity]

   Dex:       It affects your dexterity (+6).
   rC:        It protects you from cold.
   rN:        It protects you from negative energy.
   MP:        It affects your magic capacity (+9).
 K - a ring of positive energy
Wands
 c - a wand of light (2)
 v - a wand of mindburst (8)
 B - a wand of polymorph (11)
Scrolls
 b - 6 scrolls of teleportation
 f - 2 scrolls of enchant armour {unknown}
 g - 7 scrolls of amnesia
 l - 2 scrolls of blinking
 o - 2 scrolls of poison {unknown}
 q - 4 scrolls of butterflies
 r - 2 scrolls of enchant weapon
 s - 2 scrolls of fear
 t - a scroll of noise
 w - 2 scrolls of magic mapping
Potions
 a - 3 potions of magic
 e - 4 potions of curing
 m - 2 potions of brilliance
 n - a potion of ambrosia
 p - a potion of might
 x - a potion of heal wounds
 D - a potion of flight
 E - a potion of haste
 F - a potion of experience {unknown}
 G - a potion of resistance
 J - a potion of cancellation {unknown}


   Skills:
 + Level 6.7 Fighting
 - Level 2.0 Dodging
 - Level 2.6 Stealth
 - Level 5.6 Shields
 - Level 5.0 Spellcasting
 + Level 10.2 Conjurations
 - Level 6.4 Hexes
 + Level 6.0 Earth Magic
 + Level 4.5 Evocations


You had 2 spell levels left.
You knew the following spells:

 Your Spells              Type           Power      Damage    Failure   Level
a - Magic Dart            Conj           100%       1d8       1%          1
b - Searing Ray           Conj           100%       2d8       1%          2
c - Fulminant Prism       Conj/Hex       31%        3d16      3%          4
d - Iron Shot             Conj/Erth      30%        9d6       52%         6
e - Iskenderun's Battles  Conj           70%        2d12      4%          5

Your spell library contained the following spells:

 Spells                   Type           Power      Damage    Failure   Level
 Call Imp                 Summ           6%         N/A       17%         2
 Poisonous Vapours        Pois/Air       12%        N/A       17%         2
 Scorch                   Fire           18%        2d5       17%         2
 Dazzling Flash           Conj/Hex       100%       N/A       1%          3
 Mephitic Cloud           Conj/Pois/Air  33%        N/A       9%          3
 Flame Wave               Conj/Fire      62%        2d14      14%         4
 Iskenderun's Mystic Bla  Conj/Tloc      46%        2d10      14%         4
 Gell's Gravitas          Tloc           6%         N/A       32%         3
 Lesser Beckoning         Tloc           6%         N/A       32%         3
 Teleport Other           Tloc           6%         N/A       32%         3
 Summon Cactus Giant      Summ           3%         N/A       100%        6
 Spellforged Servitor     Conj/Summ      23%        N/A       100%        7
 Corpse Rot               Necr/Pois/Air  Unusable   N/A       N/A         4

Dungeon Overview and Level Annotations

Branches:
Dungeon (10/15)            Temple (1/1) D:4            Lair (0/5) D:10
    Orc (0/2) D:10

Altars:
Ashenzari
Cheibriados
Dithmenos
Elyvilon
Fedhas
Gozag
Hepliaklqana
Kikubaaqudgha
Makhleb
Nemelex Xobeh
Okawaru
Qazlal
Ru
Sif Muna
Trog
Uskayaw
Vehumet
Wu Jian
Xom
Yredelemnul
Zin
The Shining One

Shops:
D:7 =   D:10 [


Innate Abilities, Weirdness & Mutations

You cannot wear most types of armour.
You are amphibious.
You can wear up to eight rings at the same time.
Your skin changes colour to match your surroundings (Stealth+).
Your rubbery body absorbs attacks. (AC +1, EV +1)
((You are camouflaged when in or above water. (Stealth+)))
You have tentacles for arms and can constrict up to eight enemies at once.


Message History

The plant is lightly damaged.
You hear a bellow! x2
Your Earth Magic skill increases to level 6!
Unknown command.
Unknown command.
Unknown command.
Casting: Fulminant Prism (dangerous; 3% risk of failure)
Confirm with . or Enter, or press ? or * to list all spells.
Aiming: Fulminant Prism (dangerous; 3% risk of failure)
Press: ? - help, Dir - move target You feel a surge of power!
You conjure a prism of explosive energy!
A fulminant prism comes into view.
The yak is distracted by your dazzling golden aura.
The warg bites your fulminant prism!
The yak bellows!
The warg bites your fulminant prism!
Your fulminant prism detonates feebly.
The orc priest barely misses you. The yak completely misses you.
Unknown command.
The yak attacks as you move away! The yak gores you!
* * * LOW HITPOINT WARNING * * *
Unknown command.
Unknown command.
Casting: Fulminant Prism (dangerous; 3% risk of failure)
Confirm with . or Enter, or press ? or * to list all spells.
Aiming: Fulminant Prism (dangerous; 3% risk of failure)
Press: ? - help, Dir - move target You feel a surge of power!
You conjure a prism of explosive energy!
A fulminant prism comes into view.
A nearby plant withers and dies.
Something hits your fulminant prism! You block the yak's attack.
The warg is distracted by your dazzling golden aura.
The warg howls!
You barely miss the yak.
Something hits your fulminant prism but does no damage.
The yak gores you!
You die...
Your body crumbles into a pile of gold.

.....###.#
.....###.####
.#..........#
.....###.##.#
###......##.#
####.######.#
.....# #.#####
#.####
#.....####
.#######
#####.@Yh#
#.#.....#
#.##Y*#
..#.....#
###ooY..#
..#.....#
Y.$.....#
###.....#
.o........#
........#
............
##.##.###
......>......
##.#..####
..............
.......).#


You could see 3 yaks, a warg and a friendly fulminant prism.

Vanquished Creatures
  A boulder beetle (D:9)
  The ghost of croobank the Sneak, a novice OpCj (D:7)
  Pikel (D:4)
  A troll (D:9)
  Grinder (D:6)
  12 yaks
  Eustachio (D:4)
  3 steam dragons (D:8)
  A warg (D:10)
  Menkaure (D:4)
  A water moccasin (D:7)
  3 orc warriors
  An ice beast (D:5)
  A black bear (D:5)
  A sky beast (D:7)
  3 ogres
  2 centaurs (D:7)
  8 kobold brigands
  A lemure (D:4)
  A necrophage (D:5)
  2 bullfrogs (D:8)
  3 scorpions
  7 wights
  7 howler monkeys
  2 jellies
  3 hounds
  2 gnoll boudas
  6 orc priests
  2 iguanas
  Natasha (twice) (D:3)
  10 orc wizards
  7 adders
  15 gnolls
  A shadow imp (D:7)
  2 ufetubi (D:5)
  2 worms
  2 dart slugs (D:1)
  41 orcs
  8 endoplasms
  3 giant cockroaches
  3 goblins
  4 hobgoblins
  4 jackals (D:5)
  46 kobolds
  7 quokkas
  7 ball pythons
  9 bats
  4 frilled lizards
  5 rats
  A fulminant prism (D:10)
262 creatures vanquished.

Vanquished Creatures (others)
  64 fulminant prisms
  4 plants
68 creatures vanquished.

Grand Total: 330 creatures vanquished

Notes
Turn   | Place    | Note
-------+----------+-------------------------------------------
     0 | D:1      | hikkokomori the Octopode Conjurer began the quest for the
                  | Orb.
     0 | D:1      | Reached XP level 1. HP: 11/11 MP: 3/3
    77 | D:1      | Reached XP level 2. HP: 17/17 MP: 0/5
   463 | D:1      | Reached XP level 3. HP: 21/21 MP: 2/6
  1024 | D:1      | Identified 3 scrolls of acquirement
  1024 | D:1      | Acquired the amulet "Loihifof" {Rampage rPois Will+ Regen+
                  | Str+6 Dex-2 SInv}
  1034 | D:1      | Learned a level 2 spell: Searing Ray
  1034 | D:1      | Acquired the +0 hat of Catatonia {rC+ Regen+ Str-5 Dex+3}
  1042 | D:1      | Acquired the +0 buckler of Joy {rElec rC+ rN+++ Will-}
  1141 | D:2      | Found a faded altar of an unknown god.
  1356 | D:2      | Reached XP level 4. HP: 27/27 MP: 4/8
  1397 | D:2      | Learned a level 4 spell: Fulminant Prism
  1665 | D:2      | Reached skill level 1 in Shields
  2156 | D:3      | Reached skill level 1 in Hexes
  2239 | D:3      | Reached skill level 5 in Conjurations
  2239 | D:3      | Reached XP level 5. HP: 31/31 MP: 4/9
  2641 | D:3      | Noticed Natasha
  2644 | D:3      | Killed Natasha
  3013 | D:3      | Noticed Natasha
  3019 | D:3      | Killed Natasha
  3127 | D:3      | Found the +4 robe of Augmentation {Str+4 Int+4 Dex+4}
  3366 | D:4      | Reached XP level 6. HP: 36/36 MP: 2/10
  3482 | D:4      | Noticed Eustachio
  3496 | D:4      | Killed Eustachio
  3777 | D:4      | Noticed Pikel
  3908 | D:4      | Noticed Menkaure
  3923 | D:4      | Killed Pikel
  3924 | D:4      | Reached skill level 6 in Conjurations
  3924 | D:4      | Reached XP level 7. HP: 34/41 MP: 5/11
  3927 | D:4      | Killed Menkaure
  4123 | D:4      | Found a staircase to the Ecumenical Temple.
  4308 | Temple   | Entered the Ecumenical Temple
  4503 | Temple   | Became a worshipper of Gozag Ym Sagoz the Greedy
  4951 | D:5      | Entered Level 5 of the Dungeon
  5050 | D:5      | Reached XP level 8. HP: 46/46 MP: 3/12
  5384 | D:5      | Reached skill level 5 in Shields
  5384 | D:5      | Reached skill level 7 in Conjurations
  5447 | D:5      | Reached skill level 5 in Hexes
  6158 | D:5      | Found an ancient bone altar of Kikubaaqudgha.
  6615 | D:6      | Noticed Grinder
  6621 | D:6      | Killed Grinder
  6622 | D:6      | Reached skill level 1 in Fighting
  6622 | D:6      | Reached XP level 9. HP: 53/53 MP: 4/13
  6758 | D:6      | Reached skill level 8 in Conjurations
  7757 | D:7      | Acquired a book of Power
  7766 | D:7      | Learned a level 6 spell: Iron Shot
  7838 | D:7      | Reached skill level 1 in Earth Magic
  8719 | D:7      | Found a runed translucent gate.
  8719 | D:7      | Found a runed translucent gate.
  8719 | D:7      | Found an opulent altar of Gozag.
  8719 | D:7      | Found a runed translucent gate.
  8720 | D:7      | Noticed croobank's ghost (novice OpCj)
  8900 | D:7      | Killed croobank's ghost
  8901 | D:7      | Reached skill level 9 in Conjurations
  8901 | D:7      | Reached XP level 10. HP: 53/65 MP: 3/16
  9035 | D:8      | Learned a level 5 spell: Iskenderun's Battlesphere
  9636 | D:8      | Reached skill level 5 in Fighting
  9864 | D:8      | Found a white marble altar of Elyvilon.
  9871 | D:8      | Found a shadowy altar of Dithmenos.
  9871 | D:8      | Found an ornate altar of the Wu Jian Council.
  9876 | D:8      | Found a blossoming altar of Fedhas.
 10152 | D:8      | Reached skill level 5 in Spellcasting
 10442 | D:9      | Reached skill level 1 in Evocations
 10464 | D:9      | Noticed a boulder beetle
 10800 | D:9      | Killed a boulder beetle
 10801 | D:9      | Reached skill level 5 in Earth Magic
 11220 | D:9      | Reached XP level 11. HP: 71/72 MP: 6/18
 11741 | D:7      | Bought the ring of Symmetry {rC+ rN+ MP+9 Dex+6} for 804
                  | gold pieces
 11812 | D:10     | Entered Level 10 of the Dungeon
 11836 | D:10     | Reached skill level 10 in Conjurations
 11920 | D:10     | Found Wacaff's Armour Shop.
 11923 | D:10     | Found a staircase to the Orcish Mines.
 11963 | D:10     | Found a radiant altar of Vehumet.
 12324 | D:10     | Found a staircase to the Lair.
 12334 | D:10     | Slain by a yak

Illustrated notes

Levels and vault maps discovered:
D:1:      giann_bridges, layout_basic
D:2:      layout_loops_cross, ebering_ecumenical_altar_hall
D:3:      layout_basic, uniq_natasha
D:4:      layout_loops_ring, lemuel_temple_firewalk_a, uniq_pikel,
          uniq_eustachio, uniq_menkaure
D:5:      layout_cave_pods, kennysheep_mini_moat
D:6:      layout_basic, serial_bayou_crossing, uniq_grinder
D:7:      layout_cave_pools, ebering_ghost_gozag, grunt_ministairs_3
D:8:      layout_basic, minitemple
D:9:      layout_long_grid
D:10:     layout_loops_cross, mainiacjoe_overflow_brackets,
          erik_lair_orcish_takeover, orc_david_3
Temple:   eino_temple_scatter_basement

Skill      XL: |  1  2  3  4  5  6  7  8  9 10 11 |
---------------+----------------------------------+-----
Spellcasting   | 3 4 5 |  5.0
Shields        | 1 2 4 5 |  5.6
Hexes          | 1 2 3 4 5 6 |  6.4
Conjurations   | 5 6 7 9 10 | 10.2
Fighting       | 1 4 6 |  6.7
Earth Magic    | 3 5 6 |  6.0
Evocations     | 3 4 |  4.5
Dodging        | |  2.0
Stealth        | |  2.6

Action                   |  1- 3 |  4- 6 |  7- 9 | 10-12 || total
-------------------------+-------+-------+-------+-------++-------
Melee: Unarmed           |     2 |    34 |    21 |       ||    57
       Tentacles         |       |    12 |    21 |    12 ||    45
       Constrict         |       |     8 |    14 |    10 ||    32
       Punch             |       |     1 |       |     1 ||     2
       Staff             |       |       |    15 |    46 ||    61
       Dagger            |       |       |    14 |       ||    14
 Cast: Magic Dart        |    58 |   103 |   104 |   100 ||   365
       Searing Ray       |       |     5 |     5 |     2 ||    12
       Fulminant Prism   |       |     4 |    31 |    31 ||    66
       Iskenderun's Batt |       |       |       |     7 ||     7
Invok: Call Merchant     |       |       |       |     1 ||     1
Evoke: Wand              |       |       |     1 |     3 ||     4
  Use: Scroll            |     3 |     1 |     1 |    14 ||    19
       Potion            |       |     3 |     1 |     2 ||     6
 Stab: Distracted        |       |       |       |     1 ||     1
Armor: Skin              |       |     2 |     1 |     2 ||     5
Dodge: Dodged            |     6 |    26 |    39 |    58 ||   129
Block: Buckler           |       |     9 |    12 |    24 ||    45
